PUBAA
NAPA SCOOBYS @ RALEIGH TRASH PANDAS
08/17/1972
 
TOP OF THE 1ST
Napa Scoobys batting - Pitching for Raleigh Trash Pandas : RHP Gerard Bridges
Pitching: RHP Gerard Bridges
Batting: RHB Lee Richard 0-0: Ball
1-0: Ground out 5-3 (Groundball, 56, EV 91.3 MPH)
Batting: LHB Leonard Richardson 0-0: Called Strike
0-1: Ball
1-1: Ball
2-1: Ball
3-1: Base on Balls
Batting: RHB Carter Jones 0-0: Foul Ball, location: 7LMF
0-1: Called Strike
0-2: Ball
1-2: Ball
2-2: Grounds into double play, 6-4-3 (Groundball, 6, EV 77.5 MPH)
Top of the 1st over - 0 runs, 0 hits, 0 errors, 0 left on base; Napa 0 - Raleigh 0
BOTTOM OF THE 1ST
Raleigh Trash Pandas batting - Pitching for Napa Scoobys : RHP Bernard Lane
Pitching: RHP Bernard Lane
Batting: RHB Wes Springer 0-0: Ball
1-0: SINGLE (Groundball, 6S, EV 65.0 MPH) (infield hit)
Batting: SHB Robert Wolf 0-0: Called Strike
Wes Springer is caught stealing 2nd base 2-6
0-1: Foul Ball, location: 2F
0-2: Foul Ball, location: 7LSF
0-2: Ground out 4-3 (Groundball, 4, EV 101.9 MPH)
Batting: RHB Lutz Heinrich 0-0: Ball
1-0: Foul Ball, location: 9LSF
1-1: Foul Ball, location: 2F
1-2: Strikes out swinging
Bottom of the 1st over - 0 runs, 1 hit, 0 errors, 0 left on base; Napa 0 - Raleigh 0
TOP OF THE 2ND
Napa Scoobys batting - Pitching for Raleigh Trash Pandas : RHP Gerard Bridges
Batting: LHB Robby Scott 0-0: Ball
1-0: Called Strike
1-1: Foul Ball, location: 2F
1-2: Ball
2-2: Strikes out swinging
Batting: LHB Chris López 0-0: Swinging Strike
0-1: Ball
1-1: Ball
2-1: Fly out, F9 (Flyball, 9LS, EV 95.0 MPH)
Batting: LHB Teinosuke Kogawa 0-0: Ball
1-0: Called Strike
1-1: Called Strike
1-2: Ball
2-2: Foul Ball, location: 5FF
2-2: Strikes out swinging
Top of the 2nd over - 0 runs, 0 hits, 0 errors, 0 left on base; Napa 0 - Raleigh 0
BOTTOM OF THE 2ND
Raleigh Trash Pandas batting - Pitching for Napa Scoobys : RHP Bernard Lane
Batting: LHB Yasser Miller 0-0: Ball
1-0: Ball
2-0: Called Strike
2-1: Foul Ball, location: 7LSFF
2-2: Strikes out looking
Batting: RHB Ron Taylor 0-0: Ball
1-0: Foul Ball, location: 9LSF
1-1: Ball
2-1: Ball
3-1: Base on Balls
Batting: RHB Joey Williams 0-0: Ball
1-0: Grounds into double play, 4-6-3 (Groundball, 4M, EV 106.9 MPH)
Bottom of the 2nd over - 0 runs, 0 hits, 0 errors, 0 left on base; Napa 0 - Raleigh 0
TOP OF THE 3RD
Napa Scoobys batting - Pitching for Raleigh Trash Pandas : RHP Gerard Bridges
Batting: LHB John Arnold 0-0: Called Strike
0-1: Swinging Strike
0-2: SINGLE (Groundball, 6MD, EV 108.1 MPH)
Batting: LHB Curt Kerr 0-0: Sac Bunt to 3S - play at first, batter OUT! 3-1
John Arnold to second
Batting: RHB Frank Duffy 0-0: Foul Ball, location: 9LMF
0-1: Ball
1-1: Fly out, F8 (Flyball, 8RM, EV 90.0 MPH)
Batting: RHB Lee Richard 0-0: Called Strike
0-1: Ball
1-1: Ball
2-1: Foul Ball, location: 2F
2-2: Strikes out swinging
Top of the 3rd over - 0 runs, 1 hit, 0 errors, 1 left on base; Napa 0 - Raleigh 0
BOTTOM OF THE 3RD
Raleigh Trash Pandas batting - Pitching for Napa Scoobys : RHP Bernard Lane
Batting: RHB Rafael Ruíz 0-0: Called Strike
0-1: DOUBLE (Flyball, 8LXD, EV 97.5 MPH)
Batting: RHB Luis Estrada 0-0: Bunted foul
0-1: Ball
1-1: Ball
2-1: Called Strike
2-2: Strikes out swinging
Batting: RHB Paul Wilson 0-0: Fly out, F9 (Flyball, 89S, EV 96.3 MPH)
Batting: RHB Wes Springer 0-0: Called Strike
0-1: Ball
1-1: Foul Ball, location: 3DF
1-2: Ground out 5-3 (Groundball, 56, EV 82.5 MPH)
Bottom of the 3rd over - 0 runs, 1 hit, 0 errors, 1 left on base; Napa 0 - Raleigh 0
TOP OF THE 4TH
Napa Scoobys batting - Pitching for Raleigh Trash Pandas : RHP Gerard Bridges
Batting: LHB Leonard Richardson 0-0: Swinging Strike
0-1: Called Strike
0-2: Foul Ball, location: 25F
0-2: Foul Ball, location: 2F
0-2: Ground out U3 (Groundball, 13, EV 91.3 MPH)
Batting: RHB Carter Jones 0-0: Foul Ball, location: 2F
0-1: Foul Ball, location: 25F
0-2: Foul Ball, location: 7LDF
0-2: Ball
1-2: Ball
2-2: Ball
3-2: Foul Ball, location: 2F
3-2: Fly out, F8 (Flyball, 8LS, EV 86.3 MPH)
Batting: LHB Robby Scott 0-0: Called Strike
0-1: Fly out, F7 (Flyball, 78M, EV 88.8 MPH)
Top of the 4th over - 0 runs, 0 hits, 0 errors, 0 left on base; Napa 0 - Raleigh 0
BOTTOM OF THE 4TH
Raleigh Trash Pandas batting - Pitching for Napa Scoobys : RHP Bernard Lane
Batting: SHB Robert Wolf 0-0: Swinging Strike
0-1: Foul Ball, location: 23F
0-2: Strikes out swinging
Batting: RHB Lutz Heinrich 0-0: Ball
1-0: Ball
2-0: Called Strike
2-1: Called Strike
2-2: Strikes out swinging
Batting: LHB Yasser Miller 0-0: Ball
1-0: Ball
2-0: Ball
3-0: Called Strike
3-1: Called Strike
3-2: Strikes out looking
Bottom of the 4th over - 0 runs, 0 hits, 0 errors, 0 left on base; Napa 0 - Raleigh 0
TOP OF THE 5TH
Napa Scoobys batting - Pitching for Raleigh Trash Pandas : RHP Gerard Bridges
Batting: LHB Chris López 0-0: Called Strike
0-1: Ball
1-1: Ball
2-1: Swinging Strike
2-2: Hit by Pitch
Batting: LHB Teinosuke Kogawa 0-0: Ball
1-0: Called Strike
1-1: Foul Ball, location: 25F
1-2: Ball
2-2: Fly out, F7 (Flyball, 7, EV 86.9 MPH)
Batting: LHB John Arnold 0-0: Ball
1-0: Foul Ball, location: 7LDF
1-1: Foul Ball, location: 5FF
1-2: Grounds into double play, 4-6-3 (Groundball, 4M, EV 101.9 MPH)
Top of the 5th over - 0 runs, 0 hits, 0 errors, 0 left on base; Napa 0 - Raleigh 0
BOTTOM OF THE 5TH
Raleigh Trash Pandas batting - Pitching for Napa Scoobys : RHP Bernard Lane
Batting: RHB Ron Taylor 0-0: Called Strike
0-1: Ball
1-1: Fly out, F9 (Flyball, 9, EV 90.0 MPH)
Batting: RHB Joey Williams 0-0: Ball
1-0: Ball
2-0: Foul Ball, location: 2F
2-1: Called Strike
2-2: Fly out, F8 (Flyball, 8LD, EV 102.5 MPH)
Batting: RHB Rafael Ruíz 0-0: Ball
1-0: Ball
2-0: Ball
3-0: Base on Balls
Batting: RHB Luis Estrada 0-0: DOUBLE (Flyball, 89D, EV 87.5 MPH)
Rafael Ruíz to third
Batting: RHB Paul Wilson 0-0: Called Strike
0-1: Ball
1-1: Foul Ball, location: 5SF
1-2: Strikes out swinging
Bottom of the 5th over - 0 runs, 1 hit, 0 errors, 2 left on base; Napa 0 - Raleigh 0
TOP OF THE 6TH
Napa Scoobys batting - Pitching for Raleigh Trash Pandas : RHP Gerard Bridges
Batting: LHB Curt Kerr 0-0: Called Strike
0-1: Swinging Strike
0-2: Ball
1-2: Strikes out swinging
Batting: RHB Frank Duffy 0-0: Called Strike
0-1: Fly out, F9 (Flyball, 89XD, EV 108.1 MPH)
Batting: RHB Lee Richard 0-0: Ball
1-0: Ball
2-0: Called Strike
2-1: Foul Ball, location: 3SF
2-2: Strikes out looking
Top of the 6th over - 0 runs, 0 hits, 0 errors, 0 left on base; Napa 0 - Raleigh 0
BOTTOM OF THE 6TH
Raleigh Trash Pandas batting - Pitching for Napa Scoobys : RHP Bernard Lane
Batting: RHB Wes Springer 0-0: Foul Ball, location: 9LSF
0-1: Ground out 6-3 (Groundball, 6, EV 100.6 MPH)
Batting: SHB Robert Wolf 0-0: Ball
1-0: Ball
2-0: Fly out, F6 (Popup, 6D, EV 46.9 MPH)
Batting: RHB Lutz Heinrich 0-0: SOLO HOME RUN (Flyball, 9D, EV 97.5 MPH), Distance : 373 ft
Batting: LHB Yasser Miller 0-0: Ball
1-0: Ball
2-0: SOLO HOME RUN (Flyball, 9D, EV 97.5 MPH), Distance : 373 ft
Batting: RHB Ron Taylor 0-0: Called Strike
0-1: Swinging Strike
0-2: Fly out, F9 (Flyball, 9S, EV 93.8 MPH)
Bottom of the 6th over - 2 runs, 2 hits, 0 errors, 0 left on base; Napa 0 - Raleigh 2
TOP OF THE 7TH
Napa Scoobys batting - Pitching for Raleigh Trash Pandas : RHP Gerard Bridges
Batting: LHB Leonard Richardson 0-0: Called Strike
0-1: Called Strike
0-2: Ball
1-2: Ground out 3-1 (Groundball, 34, EV 81.9 MPH)
Batting: RHB Carter Jones 0-0: Ball
1-0: Called Strike
1-1: Foul Ball, location: 3SF
1-2: Ball
2-2: Foul Ball, location: 7LSF
2-2: SINGLE (Flyball, 7, EV 80.6 MPH)
Batting: LHB Robby Scott 0-0: Called Strike
Carter Jones is caught stealing 2nd base 2-6
0-1: Ball
1-1: Ball
2-1: SINGLE (Flyball, 8LS, EV 98.8 MPH)
Batting: LHB Chris López 0-0: Ball
1-0: Ball
2-0: Ball
3-0: Called Strike
3-1: Foul Ball, location: 2F
3-2: Fly out, F8 (Flyball, 8LD, EV 103.1 MPH)
Top of the 7th over - 0 runs, 2 hits, 0 errors, 1 left on base; Napa 0 - Raleigh 2
BOTTOM OF THE 7TH
Raleigh Trash Pandas batting - Pitching for Napa Scoobys : RHP Bernard Lane
Batting: RHB Joey Williams 0-0: Swinging Strike
0-1: Ball
1-1: Ground out 5-3 (Groundball, 5, EV 86.9 MPH)
Batting: RHB Rafael Ruíz 0-0: Ball
1-0: Ball
2-0: Called Strike
2-1: Called Strike
2-2: Reaches on Catchers interference
Pitching: RHP Robert Gibbs
Batting: RHB Luis Estrada 0-0: Ball
1-0: Called Strike
1-1: Foul Ball, location: 3F
1-2: Foul Ball, location: 2F
1-2: Ball
2-2: Foul Ball, location: 3DF
2-2: Foul Ball, location: 2F
2-2: Fly out, F4 (Line Drive, 34D, EV 66.3 MPH)
Batting: RHB Paul Wilson 0-0: Fly out, F9 (Flyball, 9LM, EV 107.5 MPH)
Bottom of the 7th over - 0 runs, 0 hits, 1 error, 1 left on base; Napa 0 - Raleigh 2
TOP OF THE 8TH
Napa Scoobys batting - Pitching for Raleigh Trash Pandas : RHP Gerard Bridges
Batting: LHB Teinosuke Kogawa 0-0: Swinging Strike
0-1: Ground out U3 (Groundball, 34S, EV 65.0 MPH)
Batting: LHB John Arnold 0-0: Ball
1-0: Called Strike
1-1: Foul Ball, location: 9LMF
1-2: Strikes out looking
Batting: LHB Curt Kerr 0-0: Ball
1-0: Swinging Strike
1-1: Swinging Strike
1-2: Ball
2-2: Foul Ball, location: 3FF
2-2: Fly out, F9 (Flyball, 89M, EV 83.1 MPH)
Top of the 8th over - 0 runs, 0 hits, 0 errors, 0 left on base; Napa 0 - Raleigh 2
BOTTOM OF THE 8TH
Raleigh Trash Pandas batting - Pitching for Napa Scoobys : RHP Robert Gibbs
Batting: RHB Wes Springer 0-0: Ball
1-0: Reaches on Catchers interference
Batting: SHB Robert Wolf 0-0: Sac Bunt to 15 - play at first, batter OUT! 1-3
Wes Springer to second
Batting: RHB Lutz Heinrich 0-0: Ball
1-0: Ball
2-0: SINGLE (Line Drive, 78S, EV 99.4 MPH)
Wes Springer to third
Batting: LHB Yasser Miller 0-0: Hit by Pitch
Lutz Heinrich to second
Batting: RHB Ron Taylor 0-0: Called Strike
0-1: Ball
1-1: Grounds into fielders choice 4-2 (Groundball, 4MS, EV 81.3 MPH)
Lutz Heinrich to third
Yasser Miller to second
Batting: RHB Joey Williams 0-0: Foul Ball, location: 9LDF
0-1: Foul Ball, location: 23F
0-2: Strikes out swinging
Bottom of the 8th over - 0 runs, 1 hit, 1 error, 3 left on base; Napa 0 - Raleigh 2
TOP OF THE 9TH
Napa Scoobys batting - Pitching for Raleigh Trash Pandas : RHP Gerard Bridges
Pitching: RHP Rick Kester
Batting: RHB Frank Duffy 0-0: Ball
1-0: Foul Ball, location: 5SF
1-1: Ball
2-1: Ground out 6-3 (Groundball, 56, EV 110.0 MPH)
Pinch Hitting: LHB Tom Hutton 0-0: Foul Ball, location: 7LDF
0-1: Ball
1-1: SINGLE (Line Drive, 34, EV 105.6 MPH)
Batting: LHB Leonard Richardson 0-0: Grounds into double play, 4-6-3 (Groundball, 4, EV 103.8 MPH)
Top of the 9th over - 0 runs, 1 hit, 0 errors, 0 left on base; Napa 0 - Raleigh 2
Wednesday, April 24th , 2024 - OOTP Baseball 24.8 Build 75